 Dungeon Crawl Stone Soup version 0.30-a0-137-gd8773701ce (webtiles) character file.

Game seed: 18441479672220326474

103376 LnG the Eclecticist (level 16, -4/90 HPs)
             Began as a Kobold Summoner on Sept 21, 2022.
             Was an Elder of Yredelemnul.
             Slain by a harpy (8 damage)
             ... on level 1 of the Shoals.
             The game lasted 04:02:48 (28288 turns).

LnG the Eclecticist (Kobold Summoner)              Turns: 28288, Time: 04:02:53

Health: -4/90      AC: 16    Str: 12    XL:     16   Next: 89%
Magic:  17/44      EV: 21    Int: 23    God:    Yredelemnul [****..]
Gold:   814        SH:  0    Dex: 18    Spells: 21/45 levels left

rFire   + . .      SeeInvis .    u - +4 dagger (venom)
rCold   + + .      Faith    .    (no shield)
rNeg    . . .      Spirit   .    b - +2 robe {rC+ rF+}
rPois   .          Reflect  .    O - +0 helmet
rElec   .          Harm     .    F - +2 cloak
rCorr   .          Rampage  .    Y - +1 pair of gloves of Exclusion {Str+5}
Will    +....                    M - +1 pair of boots
Stlth   ++++......               D - amulet of regeneration
HPRegen 1.05/turn                Q - ring of Jeitomof {rC+ MP+9 Dex+3}
MPRegen 0.29/turn                g - +4 ring of protection

@: mesmerised, very slow
A: small, no large weapons, nightstalker 3
a: Renounce Religion, Recall Undead Harvest, Dark Bargain, Drain Life


You were on level 1 of the Shoals.
You worshipped Yredelemnul.
Yredelemnul was aware of your devotion.
You visited 6 branches of the dungeon, and saw 24 of its levels.
You also visited: Ossuary, Bailey, Ice Cave and Volcano.

You collected 2496 gold pieces.
You spent 1682 gold pieces at shops.

Inventory:

Hand Weapons
 c - a +1 mace of pain
 u - a +4 dagger of venom (weapon)
Missiles
 q - 2 throwing nets
Armour
 a - a +0 robe
 b - a +2 robe of resistance (worn)
 F - a +2 cloak (worn)
 M - a +1 pair of boots (worn)
 O - a +0 helmet (worn)
 Y - the +1 pair of gloves of Exclusion (worn) {Str+5}
   (You found it in a volcano)

   Str:       It affects your strength (+5).
Jewellery
 e - a ring of protection from cold
 g - a +4 ring of protection (right hand)
 i - a ring of willpower
 w - a ring of magical power
 D - an amulet of regeneration (around neck)
 E - a ring of resist corrosion
 Q - the ring of Jeitomof (left hand) {rC+ MP+9 Dex+3}
   (You found it on level 11 of the Dungeon)

   [ring of protection from cold]

   Dex:       It affects your dexterity (+3).
   rC:        It protects you from cold.
   MP:        It affects your magic capacity (+9).
 T - a +4 ring of evasion
 U - a ring of protection from fire
Wands
 m - a wand of flame (23)
 J - a wand of iceblast (14)
 K - a wand of mindburst (11)
 S - a wand of charming (6)
 V - a wand of digging (4)
Scrolls
 d - 4 scrolls of vulnerability (quivered)
 j - 3 scrolls of summoning
 k - 4 scrolls of fear
 l - a scroll of silence
 r - 3 scrolls of fog
 s - 10 scrolls of teleportation
 t - 4 scrolls of amnesia
 x - 3 scrolls of magic mapping
 L - 2 scrolls of poison
 R - a scroll of torment
Potions
 f - 5 potions of haste
 h - 7 potions of brilliance
 n - 2 potions of berserk rage
 p - 9 potions of curing
 v - a potion of might
 z - 5 potions of flight
 A - 5 potions of lignification
 C - 5 potions of attraction
 H - 4 potions of cancellation
 I - a potion of mutation {unknown}
 N - a potion of ambrosia {unknown}
 P - a potion of invisibility {unknown}
 X - a potion of resistance {unknown}
 Z - a potion of experience {unknown}
Miscellaneous
 o - a piece from Xom's chessboard (15/15)
 G - a tin of tremorstones (2/2)


   Skills:
 + Level 6.8 Fighting
 + Level 9.6 Short Blades
 + Level 10.4 Dodging
 + Level 15.1 Stealth
 + Level 15.2 Spellcasting
 + Level 6.4 Hexes
 + Level 14.8 Summonings
 - Level 1.9 Air Magic
 * Level 11.3 Invocations


You had 21 spell levels left.
You knew the following spells:

 Your Spells              Type           Power      Damage    Failure   Level
a - Summon Small Mammal   Summ           100%       N/A       0%          1
b - Call Imp              Summ           72%        N/A       0%          2
c - Call Canine Familiar  Summ           72%        N/A       1%          3
d - Summon Guardian Gole  Hex/Summ       61%        N/A       1%          3
e - Summon Lightning Spi  Summ/Air       54%        N/A       1%          4
f - Summon Hydra          Summ           36%        N/A       6%          7
g - Summon Ice Beast      Ice/Summ       51%        N/A       1%          4

Your spell library contained the following spells:

 Spells                   Type           Power      Damage    Failure   Level
 Confusing Touch          Hex            47%        N/A       1%          3
 Shock                    Conj/Air       88%        1d8       2%          1
 Freeze                   Ice            68%        1d8       3%          1
 Magic Dart               Conj           68%        1d6       3%          1
 Sandblast                Erth           34%        2d9       3%          1
 Cigotuvi's Dreadful Rot  Necr/Pois/Air  40%        N/A       3%          2
 Poisonous Vapours        Pois/Air       44%        N/A       3%          2
 Blink                    Tloc           34%        N/A       4%          2
 Passwall                 Tmut/Erth      14%        N/A       4%          2
 Sublimation of Blood     Necr           17%        N/A       4%          2
 Wereblood                Tmut           17%        N/A       4%          2
 Swiftness                Air            26%        N/A       4%          3
 Mephitic Cloud           Conj/Pois/Air  20%        N/A       8%          3
 Frozen Ramparts          Ice            34%        1d6       10%         3
 Gell's Gravitas          Tloc           17%        N/A       10%         3
 Lesser Beckoning         Tloc           17%        N/A       10%         3
 Stone Arrow              Conj/Erth      34%        3d9       10%         3
 Teleport Other           Tloc           17%        N/A       10%         3
 Airstrike                Air            13%        2d(2-18)  14%         4
 Yara's Violent Unravell  Hex/Tmut       16%        3d8       24%         5
 Dispel Undead            Necr           17%        3d10      32%         4
 Hailstorm                Conj/Ice       17%        3d6       32%         4
 Ice Form                 Ice/Tmut       17%        N/A       32%         4
 Manifold Assault         Tloc           17%        N/A       32%         4
 Olgreb's Toxic Radiance  Pois           17%        N/A       32%         4
 Enfeeble                 Hex            23%        N/A       89%         7
 Dispersal                Tloc           8%         N/A       99%         6
 Ozocubu's Refrigeration  Ice            8%         4d9       100%        7
 Ignition                 Fire           8%         3d5       100%        8
 Polar Vortex             Ice            8%         N/A       100%        9
 Death Channel            Necr           Unusable   N/A       N/A         6

Dungeon Overview and Level Annotations

Branches:
Dungeon (15/15)            Temple (1/1) D:6            Lair (4/5) D:10
 Shoals (1/4) Lair:3       Spider (1/4) Lair:2          Orc (2/2) D:9
    Elf (0/3) Orc:2        Vaults (0/5) D:13         Depths (0/4) D:15
Ossuary (visited)          Bailey (visited)           IceCv (visited)
Volcano (visited)
  Slime: Lair:4-5

Altars:
Ashenzari
Cheibriados
Dithmenos
Elyvilon
Fedhas
Gozag
Hepliaklqana
Kikubaaqudgha
Makhleb
Nemelex Xobeh
Okawaru
Qazlal
Ru
Sif Muna
Trog
Uskayaw
Vehumet
Wu Jian
Xom
Yredelemnul
Zin
The Shining One

Shops:
D:14 :   Orc:2 [=[:

Annotations:
D:11 1 runed translucent door, KennySheep's ghost, journeyman TeAE


Innate Abilities, Weirdness & Mutations

You are small and have problems with some larger weapons.
You are completely attuned to the shadows.


Message History

Your five-headed hydra bites the alligator snapping turtle.
Your five-headed hydra bites the alligator snapping turtle!
The alligator snapping turtle dies!
Your five-headed hydra bites the alligator snapping turtle but does no damage.
Your dream sheep zombie bites the alligator snapping turtle but does no damage.
Something completely misses your water moccasin zombie.
Unknown command.
Your five-headed hydra disappears in a puff of smoke!
The harpy claws your lightning spire but does no damage. x2
Your warg bites the alligator snapping turtle!
Your merfolk siren zombie hits the alligator snapping turtle!
Your water moccasin zombie bites the merfolk avatar.
The harpy claws your water moccasin zombie.
The harpy barely misses your water moccasin zombie.
The merfolk avatar chants its luring song.
The merfolk barely misses you.
Your manticore zombie bites the harpy!
Your manticore zombie claws the harpy.
Your manticore zombie barely misses the harpy.
Something hits your water moccasin zombie.
Your dream sheep zombie bites the alligator snapping turtle but does no damage.
Casting: Summon Guardian Golem (safe; 1% risk of failure)
Confirm with . or Enter, or press ? or * to list all spells.
A four-headed hydra appears.
The pull of its song draws you forwards.
You swap places with your quokka.
You enter the shallow water.
Moving in this stuff is going to be slow.
A merfolk comes into view. It is wielding a +0 trident.
The harpy claws you!
* * * LOW HITPOINT WARNING * * *
The harpy completely misses you.
Your water moccasin zombie closely misses the merfolk avatar.
The merfolk avatar chants its luring song.
The merfolk hits you with a +0 trident.
* * * LOW HITPOINT WARNING * * *
Your iron imp splashes around in the water.
The alligator snapping turtle bites you!
* * * LOW HITPOINT WARNING * * *
The harpy misses you. The harpy claws you!
You die...
Your body rises from the dead as a mindless zombie.

...~m≈~~~ ....~~≈m~~≈
....≈≈Z~~~≈
....m≈H≈h≈~
..$..8@ZZZ~~
.....r5tZ)~..
......9~....#
...D..§~....#
....?.~~....# ..
~....~~~~...# #..~
~.....~~...###..~~≈
~..##...~.......~~~~
~..[##..)..#......~~~


You could see an alligator snapping turtle (ally target), a merfolk avatar
(mesmerising, ally target), 2 merfolk, a harpy (ally target), a friendly
four-headed hydra (summoned), a friendly guardian golem (summoned), a friendly
warg (summoned, sheltered), a friendly lightning spire (summoned, sheltered), a
friendly iron imp (summoned, sheltered), a friendly water moccasin zombie
(sheltered), a friendly manticore zombie (sheltered), a friendly snapping turtle
zombie (sheltered), a friendly merfolk siren zombie (sheltered), a friendly
dream sheep zombie (sheltered) and a friendly quokka (summoned, sheltered).

Vanquished Creatures
  3 hydras
  2 ogre magi
  4 centaur warriors
  A tengu warrior (D:14)
  8 two-headed ogres
  Urug (D:11)
  A fire crab (Lair:4)
  A harpy (Shoals:1)
  A necromancer (D:15)
  A wizard (D:15)
  2 orc knights
  4 orc sorcerers
  3 deep elf pyromancers
  Pikel (D:4)
  A faun (Shoals:1)
  2 manticores
  2 ugly things
  4 cyclopes
  A merfolk siren (Lair:3)
  2 naga magi (D:15)
  A gargoyle (D:11)
  4 elephants (Lair:3)
  A black mamba (Lair:3)
  3 cane toads
  A rime drake (Lair:3)
  2 freezing wraiths
  A komodo dragon (shapeshifter) (D:13)
  Psyche (D:11)
  An anaconda simulacrum (IceCv)
  2 komodo dragons
  2 ice devils (IceCv)
  2 meliai (D:14)
  A troll (D:14)
  A merfolk (Lair:3)
  A raiju (shapeshifter) (D:13)
  2 snapping turtles (Shoals:1)
  A tarantella (shapeshifter) (D:13)
  6 slime creatures
  4 blink frogs
  2 dream sheep (Lair:4)
  13 yaks
  3 wyverns
  A shadow (D:10)
  A wraith (D:11)
  A steam dragon (D:9)
  3 redbacks (Lair:2)
  A vampire mosquito (D:10)
  Menkaure (D:5)
  A harpy simulacrum (IceCv)
  5 wargs
  2 acid dragons
  11 water moccasins
  19 orc warriors
  6 ogres
  A black bear (D:8)
  6 wolves
  2 centaurs
  2 phantoms (D:5)
  2 kobold brigands
  An elf zombie (D:8)
  A necrophage (D:7)
  4 bullfrogs
  2 elf skeletons (D:8)
  A scorpion (D:7)
  4 wights
  2 killer bees (D:10)
  An electric eel (D:14)
  A howler monkey (D:9)
  8 orc priests
  4 hounds
  An iguana (D:5)
  Natasha (D:3)
  A human skeleton (D:8)
  23 orc wizards
  2 wolf simulacra (IceCv)
  A hound zombie (Ossuary)
  2 mummies (Ossuary)
  6 adders
  A shadow imp (D:7)
  2 white imps (Lair:4)
  2 ufetubi
  An adder zombie (Ossuary)
  3 worms
  A dart slug (D:1)
  45 orcs
  4 bats
  4 endoplasms
  7 giant cockroaches
  2 goblins
  4 hobgoblins
  3 jackals
  7 kobolds
  3 quokkas
  2 ball pythons
  4 frilled lizards
  2 jackal zombies (Ossuary)
  2 kobold zombies (Ossuary)
  An orc zombie (Ossuary)
  4 rats
335 creatures vanquished.

Vanquished Creatures (collateral kills)
  The ghost of Pann the Stormcaller, an adept OpAE of Gozag (D:15)
  An orc warlord (Orc:2)
  4 ogre magi
  A hydra (Lair:2)
  2 centaur warriors
  14 two-headed ogres
  An alligator snapping turtle (Shoals:1)
  An orc high priest (Orc:1)
  A hell knight (Volcano)
  A sea snake (Shoals:1)
  A nameless horror (Shoals:1)
  2 harpies (Shoals:1)
  A deep elf pyromancer (D:10)
  A necromancer (IceCv)
  A wolf spider zombie (D:15)
  An orc knight (Orc:2)
  3 manticores
  5 orc sorcerers (Orc:2)
  2 cyclopes
  8 ugly things
  3 merfolk sirens (Shoals:1)
  A centaur skeleton (D:15)
  2 freezing wraiths (IceCv)
  An efreet (D:10)
  A komodo dragon (Lair:4)
  A tengu conjurer (D:14)
  4 cane toads
  An anaconda simulacrum (IceCv)
  4 ice devils (IceCv)
  2 yaktaurs (Volcano)
  2 merfolk (Shoals:1)
  3 trolls
  A harpy zombie (D:15)
  A meliai (D:14)
  4 polar bears (Lair:2)
  A hornet (D:9)
  4 blink frogs
  7 dream sheep
  10 slime creatures
  A shadow (D:11)
  3 dire elephant simulacra (IceCv)
  A vampire (D:12)
  3 wyverns
  3 wraiths
  A water elemental (Shoals:1)
  17 yaks
  A basilisk (D:14)
  5 death yak simulacra (IceCv)
  A steam dragon (D:10)
  5 wargs
  3 water moccasins
  Pargi (D:3)
  21 orc warriors
  A black bear (D:6)
  12 ogres
  7 wolves
  5 centaurs
  2 phantoms
  3 bullfrogs (Lair:2)
  3 cane toad simulacra (IceCv)
  A two-headed ogre simulacrum (IceCv)
  3 wights
  An electric eel (D:14)
  A howler monkey (D:10)
  12 orc priests
  2 jellies
  A human zombie (D:8)
  An iguana (D:6)
  24 orc wizards
  A troll simulacrum (IceCv)
  A polar bear simulacrum (IceCv)
  6 wolf simulacra (IceCv)
  An ogre zombie (Orc:2)
  A hound zombie (Ossuary)
  2 mummies (Ossuary)
  4 gnolls (D:2)
  3 adders
  A naga simulacrum (IceCv)
  13 white imps
  An ufetubus (D:6)
  A worm (D:3)
  68 orcs
  An endoplasm (D:2)
  3 giant cockroaches
  3 goblins
  5 hobgoblins
  7 jackals
  A quokka (D:1)
  2 bats (D:3)
  A goblin zombie (Ossuary)
  2 hobgoblin zombies (Ossuary)
  A jackal zombie (Ossuary)
  10 kobolds
  An orc zombie (D:8)
390 creatures vanquished.

Vanquished Creatures (others)
  An orc warlord (Orc:2)
  Josephine (D:13)
  2 two-headed ogres
  A tengu warrior (D:11)
  An orc knight (Bailey)
  7 ugly thing zombies
  4 ugly things
  2 manticores
  An orc sorcerer (Orc:2)
  A cyclops (D:11)
  An ice statue (IceCv)
  Joseph (D:8)
  5 ice devils (IceCv)
  2 harpy zombies (Shoals:1)
  A troll (Orc:2)
  A slime creature (D:13)
  A dream sheep (Shoals:1)
  2 meliai zombies (D:14)
  A yak (Lair:1)
  A water elemental (D:14)
  3 wraiths
  2 slime creature zombies
  6 spectral ice devils (IceCv)
  A warg (D:10)
  2 steam dragons
  A spectral basilisk (Lair:2)
  2 harpy simulacra (IceCv)
  A human zombie (D:13)
  2 merfolk zombies (Shoals:1)
  7 two-headed ogre zombies
  8 orc warriors
  A manticore zombie (D:15)
  An ogre (Orc:2)
  A snapping turtle zombie (Shoals:1)
  An elf zombie (D:14)
  A wolf (Lair:2)
  A lemure (D:4)
  A bullfrog (Lair:2)
  A cane toad simulacrum (IceCv)
  2 water moccasin zombies (Lair:1)
  2 cyclops zombies
  5 wights
  3 warg zombies (Orc:2)
  A yak zombie (Lair:1)
  A troll zombie (D:14)
  4 wolf zombies (Lair:2)
  6 centaur zombies
  A basilisk zombie (D:14)
  4 orc wizards
  2 polar bear simulacra (IceCv)
  A killer bee zombie (D:10)
  2 ogre zombies
  A howler monkey zombie (D:10)
  A spectral white imp (IceCv)
  2 orcs (Orc:2)
  2 goblins (D:7)
  44 orc zombies
  25 fungi
  68 plants
257 creatures vanquished.

Grand Total: 982 creatures vanquished

Notes
Turn   | Place    | Note
-------+----------+-------------------------------------------
     0 | D:1      | LnG the Kobold Summoner began the quest for the Orb.
     0 | D:1      | Reached XP level 1. HP: 10/10 MP: 3/3
   390 | D:1      | Reached XP level 2. HP: 15/15 MP: 5/5
   393 | D:1      | Learned a level 2 spell: Call Imp
   764 | D:1      | Reached XP level 3. HP: 19/19 MP: 6/6
   768 | D:1      | Learned a level 3 spell: Call Canine Familiar
  2007 | D:2      | Reached XP level 4. HP: 24/24 MP: 3/8
  2017 | D:2      | Reached skill level 1 in Short Blades
  2664 | D:3      | Found a faded altar of an unknown god.
  2788 | D:3      | Reached XP level 5. HP: 28/28 MP: 6/9
  2812 | D:3      | Noticed Pargi
  2853 | D:3      | Killed Pargi
  2854 | D:3      | Reached XP level 6. HP: 28/32 MP: 3/11
  2878 | D:3      | Reached skill level 5 in Summonings
  2886 | D:3      | Learned a level 3 spell: Summon Guardian Golem
  2908 | D:3      | Reached skill level 5 in Stealth
  3424 | D:3      | Noticed Natasha
  3426 | D:3      | Killed Natasha
  3957 | D:4      | Found an iron altar of Okawaru.
  3990 | D:4      | Reached XP level 7. HP: 36/36 MP: 12/12
  4423 | D:4      | Noticed Pikel
  4458 | D:4      | Killed Pikel
  4459 | D:4      | Reached XP level 8. HP: 34/42 MP: 15/15
  4638 | D:5      | Entered Level 5 of the Dungeon
  4691 | D:5      | Reached skill level 5 in Spellcasting
  4894 | D:5      | Learned a level 4 spell: Summon Lightning Spire
  4969 | D:5      | Found a snail-covered altar of Cheibriados.
  5018 | D:5      | Noticed Menkaure
  5031 | D:5      | Killed Menkaure
  5211 | D:5      | Reached skill level 1 in Fighting
  5731 | D:6      | Reached XP level 9. HP: 21/47 MP: 14/17
  5840 | D:6      | Found a hide-covered altar of Uskayaw.
  5918 | D:6      | Reached skill level 1 in Hexes
  6068 | D:6      | Reached skill level 5 in Short Blades
  6150 | D:6      | Found a staircase to the Ecumenical Temple.
  6175 | Temple   | Entered the Ecumenical Temple
  6658 | D:6      | Reached skill level 5 in Dodging
  7259 | D:7      | Reached XP level 10. HP: 9/54 MP: 5/20
  7283 | D:7      | Found a flagged portal.
  7289 | Bailey   | Entered a bailey
  7668 | Bailey   | Noticed a deep elf pyromancer
  7693 | Bailey   | Found a large runed translucent door.
  7694 | Bailey   | Found a large runed translucent door.
  7701 | Bailey   | Noticed an orc knight
  7713 | Bailey   | Killed an orc knight
  7723 | Bailey   | Reached skill level 1 in Air Magic
  7935 | Bailey   | Killed a deep elf pyromancer
  7945 | Bailey   | Identified the +3 ring mail of Eternity {rElec Str+3}
  8073 | D:7      | Found a glowing silver altar of Zin.
  8239 | D:7      | Found an opulent altar of Gozag.
  8553 | D:7      | Found a blossoming altar of Fedhas.
  8815 | D:8      | Found a sand-covered staircase.
  8853 | Ossuary  | Entered an ossuary
  9393 | D:8      | Reached XP level 11. HP: 32/60 MP: 19/23
  9834 | D:8      | Noticed Joseph
  9847 | D:8      | Killed Joseph
 10557 | D:9      | Reached skill level 10 in Stealth
 11343 | D:9      | Found a staircase to the Orcish Mines.
 11472 | D:9      | Paralysed by a hornet for 1 turns
 11670 | D:10     | Entered Level 10 of the Dungeon
 11758 | D:10     | Found a white marble altar of Elyvilon.
 11841 | D:10     | Found a hazy altar of Hepliaklqana.
 11979 | D:10     | Found a staircase to the Lair.
 12020 | D:10     | Noticed an ogre mage
 12030 | D:10     | Killed an ogre mage
 12291 | D:10     | Noticed a deep elf pyromancer
 12292 | D:10     | Found a basalt altar of Yredelemnul.
 12299 | D:10     | Killed a deep elf pyromancer
 12303 | D:10     | Became a worshipper of Yredelemnul the Dark
 12417 | D:10     | Reached * piety under Yredelemnul
 12417 | D:10     | Reached skill level 10 in Spellcasting
 12447 | D:10     | Reached XP level 12. HP: 26/66 MP: 25/26
 12447 | D:10     | Noticed a two-headed ogre
 12456 | D:10     | Killed a two-headed ogre
 12457 | D:10     | Reached skill level 10 in Summonings
 12464 | D:10     | Reached ** piety under Yredelemnul
 12714 | D:11     | Noticed Urug
 12716 | D:11     | Killed Urug
 12717 | D:11     | Reached skill level 1 in Invocations
 12728 | D:11     | Noticed a two-headed ogre
 12732 | D:11     | Killed a two-headed ogre
 13182 | D:11     | Noticed Psyche
 13185 | D:11     | Found a runed translucent door.
 13187 | D:11     | Killed Psyche
 13213 | D:11     | Noticed a tengu warrior
 13230 | D:11     | Killed a tengu warrior
 13253 | D:11     | Reached *** piety under Yredelemnul
 13499 | D:11     | Identified the ring of Jeitomof {rC+ MP+9 Dex+3}
 13542 | D:11     | Noticed a two-headed ogre
 13549 | D:11     | Killed a two-headed ogre
 13550 | D:11     | Reached **** piety under Yredelemnul
 13743 | D:11     | Noticed KennySheep's ghost (journeyman TeAE)
 13743 | D:11     | Identified the +2 spear of Sigus {flame, rN+ rCorr Int+4}
 13743 | D:11     | Noticed a spriggan rider
 14460 | D:12     | Reached XP level 13. HP: 66/72 MP: 28/28
 14723 | D:13     | Noticed a six-headed hydra
 14727 | D:13     | Killed a six-headed hydra
 14754 | D:13     | Noticed a seven-headed hydra
 14759 | D:13     | Killed a seven-headed hydra
 14762 | D:13     | Reached skill level 5 in Fighting
 14778 | D:13     | Reached ***** piety under Yredelemnul
 14868 | D:13     | You fall into a shaft and drop 2 floors!
 14868 | D:15     | Entered Level 15 of the Dungeon
 14883 | D:14     | Reached skill level 5 in Invocations
 14951 | D:13     | Noticed Josephine
 14967 | D:13     | Killed Josephine
 15075 | D:13     | Your ally Josephine died
 15222 | D:13     | Found a gate to the Vaults.
 15281 | D:13     | Noticed an ogre mage
 15315 | D:13     | Killed an ogre mage
 15644 | D:14     | Noticed a centaur warrior
 15648 | D:14     | Killed a centaur warrior
 15649 | D:14     | Reached XP level 14. HP: 78/78 MP: 30/30
 15754 | D:14     | Found Imiarisi's Tremendous Tomes.
 17072 | D:15     | Found a runed translucent door.
 17074 | D:15     | Noticed Pann's ghost (adept OpAE)
 17147 | D:15     | Reached ****** piety under Yredelemnul
 17156 | D:15     | Reached XP level 15. HP: 70/84 MP: 32/32
 17249 | D:15     | Reached skill level 5 in Hexes
 17871 | D:15     | Killed Pann's ghost
 18016 | D:15     | Found a staircase to the Depths.
 18166 | Lair:1   | Entered Level 1 of the Lair of Beasts
 19689 | Lair:2   | Identified the +6 shortbow of Deformation {venom, rPois
                  | Will+}
 20162 | Lair:2   | Found a hole to the Spider Nest.
 20874 | Lair:3   | Found a dark tunnel.
 20880 | Volcano  | Entered a volcano
 21064 | Volcano  | Found a radiant altar of Vehumet.
 21083 | Volcano  | Identified the +1 pair of gloves of Exclusion {Str+5}
 22061 | Lair:3   | Found a staircase to the Shoals.
 22663 | Lair:4   | Found a frozen archway.
 22694 | IceCv    | Entered an ice cave
 22728 | IceCv    | Reached skill level 10 in Invocations
 22871 | IceCv    | Reached skill level 10 in Dodging
 22871 | IceCv    | Reached XP level 16. HP: 72/90 MP: 10/34
 23104 | IceCv    | Found an ancient bone altar of Kikubaaqudgha.
 23122 | IceCv    | Got the Almanac of the Whelk
 24023 | Lair:4   | Identified the +1 chain mail of the Other Side {Harm rElec
                  | rC+ Str-4}
 24451 | Orc:1    | Entered Level 1 of the Orcish Mines
 24761 | Orc:1    | Found a shimmering altar of Xom.
 25203 | Orc:2    | Entered Level 2 of the Orcish Mines
 25507 | Orc:2    | Paralysed by an orc sorcerer for 3 turns
 26453 | Orc:2    | Found a staircase to the Elven Halls.
 26509 | Orc:2    | Found Finil's Antique Armour Emporium.
 26709 | Orc:2    | Found an ancient bone altar of Kikubaaqudgha.
 26756 | Orc:2    | Reached skill level 15 in Spellcasting
 26777 | Orc:2    | Found Tikaenoe's Magic Scroll Shoppe.
 26782 | Orc:2    | Bought a scroll of summoning for 123 gold pieces
 26782 | Orc:2    | Bought 2 scrolls of amnesia for 104 gold pieces
 26782 | Orc:2    | Bought a scroll of summoning for 123 gold pieces
 26782 | Orc:2    | Bought a scroll of identify for 26 gold pieces
 26782 | Orc:2    | Bought a scroll of magic mapping for 97 gold pieces
 26782 | Orc:2    | Bought a scroll of amnesia for 52 gold pieces
 26782 | Orc:2    | Bought a scroll of identify for 26 gold pieces
 26782 | Orc:2    | Bought a scroll of summoning for 123 gold pieces
 26786 | Orc:2    | Found Jyrelox's Book Shoppe.
 26791 | Orc:2    | Bought a book of Blood for 504 gold pieces
 26791 | Orc:2    | Bought a book of Rime for 504 gold pieces
 26799 | Orc:2    | Learned a level 7 spell: Summon Hydra
 26805 | Orc:2    | Learned a level 4 spell: Summon Ice Beast
 27064 | Orc:2    | Found a radiant altar of Vehumet.
 27111 | Orc:2    | Found Quitehuk's Jewellery Emporium.
 27198 | Orc:2    | Found Ywnol's Antique Armour Emporium.
 27778 | Spider:1 | Entered Level 1 of the Spider Nest
 27957 | Shoals:1 | Entered Level 1 of the Shoals
 27971 | Shoals:1 | Reached skill level 15 in Stealth
 28079 | Shoals:1 | Found Quatwonk's Book Shop.
 28288 | Shoals:1 | HP: 4/90 [alligator snapping turtle (15)]
 28288 | Shoals:1 | Slain by a harpy

Illustrated notes

Levels and vault maps discovered:
D:1:      saegor_arrival_fortress, layout_basic, serial_forest,
          infiniplex_forest_clump_long, infiniplex_forest_clump_medium,
          infiniplex_forest_clump_curved, infiniplex_forest_clump_small,
          infiniplex_forest_lined_room_2, infiniplex_forest_zigzag_1,
          infiniplex_forest_clump_curved
D:2:      layout_loops_corners, serial_co_window_serial, co_window_cross_1,
          co_window_paths_b, co_window_corner_a, co_window_paths_b,
          co_window_paths_a, co_window_broadway_b, co_window_broadway_c,
          co_window_corner_b, co_window_broadway_b, co_window_unsneaky_path_d,
          co_window_2corner, co_window_paths_d, glass_columns_a
D:3:      layout_loops_ring, nicolae_ecumenical_pavilion,
          kennysheep_generic_room_8, uniq_natasha, uniq_pargi
D:4:      layout_rooms, okawaru_metal_pillars_1_2, due_unseen_surprise,
          uniq_pikel
D:5:      layout_basic, chei_slow_surprise, uniq_menkaure
D:6:      layout_rooms, eat_drink_and_be_merry_uskayaw,
          minmay_temple_entry_stoned_glass
D:7:      layout_loops_ring, fedhas_altar_1, zin_treasury,
          nicolae_gozag_cash_rules_everything_around_me, enter_bailey_3,
          kennysheep_decorative_pillar
D:8:      layout_loops_corners, nicolae_ossuary_entry_catacombs, special_room
          [special_room_orc], uniq_joseph
D:9:      layout_grid_maze, orc_0_dummy
D:10:     minmay_bloctagon, layout_cave_pools, marbit_many_paths,
          mainiacjoe_overflow_brackets, lemuel_round_altar,
          erik_lair_orcish_takeover
D:11:     layout_cave_pools, ebering_ghost_funeral_grove, uniq_psyche, uniq_urug
D:12:     layout_gridville
D:13:     layout_roguey, david_vaults_2, uniq_josephine
D:14:     layout_rooms, serial_bayou_ford_a, nicolae_shop_i_like_big_books,
          chequers_mini_garden
D:15:     grunt_enter_depths_magical_seal, layout_gridville,
          ebering_ghost_inner_flame
Temple:   dshaligram_water_room_temple
Lair:1:   layout_regular_city
Lair:2:   layout_regular_city, spider_nest_entry_webs, cheibrodos_lair_lostbears
Lair:3:   layout_regular_city, elwin_shoals_entry_rooms,
          nicolae_volcano_entry_hallway
Lair:4:   layout_cellular_growth, portal_ice_cave_entry_imps
Shoals:1: layout_shoals, serial_shops, nicolae_shop_stone,
          nicolae_shoals_siren_and_animal_friends
Spider:1: layout_chambers, hellmonk_spider_spawner
Orc:1:    layout_diamond_mine, basic_altar
Orc:2:    kennysheep_orc_mage_school, layout_diamond_mine, serial_shops, shop,
          minmay_orc_temple_b

Skill      XL: |  1  2  3  4  5  6  7  8  9 10 11 12 13 14 15 16 |
---------------+-------------------------------------------------+-----
Stealth        | 4 5 7 8 9 10 11 13 14 15 | 15.1
Short Blades   | 1 2 3 4 5 6 7 8 9 |  9.6
Spellcasting   | 3 4 5 7 8 10 11 12 13 14 15 | 15.2
Summonings     | 5 6 7 8 9 10 11 13 14 | 14.8
Dodging        | 3 4 5 6 7 8 9 10 | 10.4
Fighting       | 1 2 3 4 5 6 |  6.8
Hexes          | 1 2 3 4 5 6 |  6.4
Air Magic      | 1 |  1.9
Invocations    | 4 6 8 10 11 | 11.3

Action                   |  1- 3 |  4- 6 |  7- 9 | 10-12 | 13-15 | 16-18 || total
-------------------------+-------+-------+-------+-------+-------+-------++-------
Melee: Dagger            |    64 |   149 |   264 |   541 |   461 |   367 ||  1846
       Mace              |     5 |       |       |       |       |       ||     5
       Punch             |     1 |     2 |     3 |     8 |     8 |    12 ||    34
 Cast: Summon Small Mamm |    10 |     1 |       |     5 |     3 |    18 ||    37
       Call Imp          |     4 |     5 |    10 |    16 |    32 |    17 ||    84
       Call Canine Famil |     3 |    15 |    32 |    60 |    74 |    54 ||   238
       Summon Guardian G |       |     1 |    14 |    27 |    96 |    73 ||   211
       Summon Lightning  |       |       |     1 |    19 |    31 |    37 ||    88
       Summon Hydra      |       |       |       |       |       |     7 ||     7
Invok: Dark Bargain      |       |       |       |     3 |       |       ||     3
       Recall Undead Har |       |       |       |       |     2 |     1 ||     3
       Bind Soul         |       |       |       |       |     2 |     3 ||     5
Evoke: Wand              |       |       |       |       |     2 |       ||     2
  Use: Potion            |       |       |     1 |     6 |     6 |     6 ||    19
       Scroll            |       |       |       |    18 |    13 |     7 ||    38
 Stab: Sleeping          |    15 |    13 |     7 |    21 |    44 |    13 ||   113
       Distracted        |       |     3 |     6 |    10 |    14 |     9 ||    42
       Petrifying        |       |       |       |       |     1 |       ||     1
       Petrified         |       |       |       |       |     1 |       ||     1
       Paralysed         |       |       |       |       |       |     1 ||     1
Armor: Robe              |    13 |    55 |    53 |   122 |    71 |    89 ||   403
Dodge: Dodged            |    45 |   152 |   189 |   380 |   371 |   316 ||  1453

Table legend: (Time is in decaauts)
 A = Elapsed time spent in this place.
 B = Non-inter-level travel time spent in this place.
 C = Inter-level travel time spent in this place.
 D = Time resting spent in this place.
 E = Time spent auto-exploring this place.
 F = Levels seen in this place.
 G = Mean time per level.
                   A        B        C        D        E       F      G
               +--------+--------+--------+--------+--------+-----+--------+
         Total |  27736 |  26548 |   1188 |   3121 |   7184 |  28 |  990.6 |
       Dungeon |  16714 |  16021 |    693 |   1817 |   4743 |  15 | 1114.3 |
        Temple |    275 |    226 |     49 |      0 |    212 |   1 |  275.0 |
          Lair |   5154 |   4846 |    308 |     89 |   1399 |   4 | 1288.5 |
        Shoals |    326 |    326 |      0 |     86 |      0 |   1 |  326.0 |
   Spider Nest |     35 |     35 |      0 |      0 |      0 |   1 |   35.0 |
  Orcish Mines |   3080 |   2943 |    137 |    674 |    516 |   2 | 1540.0 |
       Ossuary |    224 |    224 |      0 |      0 |      0 |   1 |  224.0 |
        Bailey |    757 |    757 |      0 |    340 |     68 |   1 |  757.0 |
      Ice Cave |    845 |    845 |      0 |     58 |    162 |   1 |  845.0 |
       Volcano |    322 |    322 |      0 |     57 |     83 |   1 |  322.0 |
               +--------+--------+--------+--------+--------+-----+--------+

Top non-repeatable levels by time:
   Orc:2: 2019 daAuts
    D:15: 1638 daAuts
  Lair:3: 1591 daAuts
     D:2: 1526 daAuts
     D:8: 1469 daAuts
  Lair:2: 1377 daAuts
  Lair:1: 1370 daAuts
     D:9: 1301 daAuts
     D:3: 1200 daAuts
     D:1: 1135 daAuts
   Orc:1: 1060 daAuts
    D:11: 1048 daAuts
    D:10: 1043 daAuts
     D:6: 1037 daAuts
    D:13: 1026 daAuts
